 Dungeon Crawl Stone Soup version 0.17-a0-1805-g6093636 (webtiles) character file.

81 4thArraOfDagon the Ruffian (level 4, -2/45 HPs)
             Began as a Troll Monk on Sept 12, 2015.
             Slain by a river rat (4 damage)
             ... summoned by Eustachio
             ... on level 4 of the Dungeon.
             The game lasted 00:01:27 (269 turns).

4thArraOfDagon the Ruffian (Troll Monk)              Turns: 269, Time: 00:01:28

Health: -2/45      AC:  5    Str: 19    XL:     4   Next: 19%
Magic:  3/3        EV: 10    Int:  7    God:
Gold:   43         SH:  0    Dex: 12    Spells: 0 memorised, 3 levels left

rFire  . . .     SeeInvis .       - Unarmed
rCold  . . .     Clarity  .     a - +0 robe
rNeg   . . .     SustAt   .     (no shield)
rPois  .         Gourm    +     (helmet restricted)
rElec  .         Spirit   .     (no cloak)
rCorr  .         Warding  .     (gloves unavailable)
rMut   .         Stasis   .     (boots unavailable)
MR     .....                    (no amulet)
Stlth  +.........               (no ring)
                                (no ring)

@: not resistant to hostile enchantments, very unstealthy
A: unfitting armour, claws 3, fast metabolism 3, gourmand, regeneration 2,
shaggy fur 1, tough skin 2
a: no special abilities


You were on level 4 of the Dungeon.
You were very full.

You visited 1 branch of the dungeon, and saw 4 of its levels.

You collected 43 gold pieces.

Inventory:

Armour
 a - a +0 robe (worn)
Scrolls
 c - a scroll of noise {unknown}
 d - a scroll of remove curse {unknown}
Comestibles
 b - 2 bread rations
 f - 2 chunks of flesh
 g - a meat ration


   Skills:
 + Level 3.0 Fighting
 + Level 2.8 Dodging
 - Level 1.1 Stealth
 * Level 4.9 Unarmed Combat


You had 3 spell levels left.
You didn't know any spells.

Dungeon Overview and Level Annotations

Branches:
Dungeon (4/15)
 Temple: D:4-7

Altars:
Elyvilon
Gozag
Zin

Annotations:
D:4 Eustachio


Innate Abilities, Weirdness & Mutations

You are too large for most types of armour.
You have claws for hands.
Your metabolism is lightning-fast.
You like to eat raw meat.
You heal very quickly.
You are covered in fur (AC +1).
You have very tough skin (AC +2).


Message History

* * * LOW HITPOINT WARNING * * *
The river rat bites you but does no damage.
Unknown command.
You closely miss the river rat.
The river rat is heavily wounded.
The river rat closely misses you. The river rat barely misses you.
Unknown command.
You scratch the river rat.
The river rat is severely wounded.
The river rat closely misses you.
The river rat bites you but does no damage.
Unknown command.
Unknown command.
You closely miss the river rat.
The river rat is severely wounded.
The river rat bites you.
* * * LOW HITPOINT WARNING * * *
The white imp laughs crazily.
The river rat bites you.
You die...

#..........
#......ยง.##
#.........#
#####.........#
#.....<.@.....#
#.######b####..
#.#
######@#####
.......5br@.#
..####.####r#
... ... #....
..... #...%
.(#### ..$.._
.## .#S... .#
.#


You could see Eustachio, 2 river rats, a white imp and a bat.

Vanquished Creatures
  An orc priest (D:3)
  Ijyb (D:3)
  2 orcs (D:3)
  A hobgoblin (D:1)
  3 kobolds
  A giant gecko (D:3)
  A giant newt (D:1)
  2 goblins
  6 jackals
  A rat (D:1)
19 creatures vanquished.

Notes
Turn   | Place    | Note
--------------------------------------------------------------
     0 | D:1      | 4thArraOfDagon the Troll Monk began the quest for the Orb.
     0 | D:1      | Reached XP level 1. HP: 22/22 MP: 0/0
   120 | D:2      | Reached XP level 2. HP: 29/29 MP: 1/1
   139 | D:3      | Noticed Ijyb
   161 | D:3      | Killed Ijyb
   161 | D:3      | Reached XP level 3. HP: 18/36 MP: 2/2
   201 | D:3      | Reached XP level 4. HP: 41/45 MP: 3/3
   211 | D:3      | Found an opulent altar of Gozag.
   211 | D:3      | Found a white marble altar of Elyvilon.
   235 | D:4      | Noticed Eustachio
   238 | D:4      | Found a glowing silver altar of Zin.
   269 | D:4      | HP: 2/45 [river rat[Eustachio] (5)]
   269 | D:4      | Slain by a river rat

Vault maps used:
D:1:      co_arrival_square_in_a_square_in_a_square
D:2:      makhleb_blood_cavern_becter, first_bread
D:3:      gammafunk_temple_overflow_pools, uniq_iyjb, uniq_natasha
D:4:      old_standard_altar, lemuel_coloured_pillars_altar, uniq_eustachio,
          uniq_blork_the_orc, uniq_pikel, uniq_edmund

Action                   |  1- 3 |  4- 6 || total
-------------------------+-------+-------++-------
Melee: Unarmed           |    61 |    27 ||    88
  Eat: Chunk             |     6 |       ||     6
